 Dungeon Crawl Stone Soup version 0.24.0-123-gd5b16e6ec5 (webtiles) character file.

Game seed: 10307992520543384853, levelgen mode: deterministic

163 FessEmpty the Sneak (level 5, -5/41 HPs)
             Began as a Gnoll Wanderer on Dec 30, 2019.
             Killed by divine providence
             ... invoked by an orc priest
              (7 damage)
             ... on level 2 of the Dungeon.
             The game lasted 00:05:57 (2083 turns).

FessEmpty the Sneak (Gnoll Wanderer)                Turns: 2083, Time: 00:05:58

Health: -5/41      AC: 11    Str: 13    XL:     5   Next: 44%
Magic:  1/9        EV: 11    Int: 15    God:
Gold:   117        SH:  0    Dex: 16    Spells: 4/10 levels left

rFire    . . .     SeeInvis .   a - +0 dagger
rCold    . . .     Gourm    .   (no shield)
rNeg     . . .     Faith    .   o - +0 ring mail
rPois    .         Spirit   .   (no helmet)
rElec    .         Reflect  .   (no cloak)
rCorr    .         Harm     .   (no gloves)
MR       .....                  (no boots)
Stlth    +++.......             (no amulet)
HPRegen  0.13/turn              i - +6 ring of protection
MPRegen  0.11/turn              (no ring)

@: no status effects
A: distributed training, fangs 1, strong nose
a: no special abilities


You were on level 2 of the Dungeon.
You were not hungry.

You visited 1 branch of the dungeon, and saw 3 of its levels.

You collected 117 gold pieces.

Inventory:

Hand Weapons
 a - a +0 dagger (weapon)
Missiles
 c - 19 poisoned darts (quivered)
Armour
 d - a +0 buckler
 e - a +0 robe
 h - a +0 shield
 o - a +0 ring mail (worn)
Jewellery
 i - a +6 ring of protection (left hand)
Scrolls
 g - a scroll of amnesia {unknown}
 k - a scroll of immolation {unknown}
 m - 2 scrolls of fear {unknown}
 q - a scroll of fog {unknown}
Potions
 b - a potion of lignification
 j - a potion of cancellation
 l - 2 potions of heal wounds {unknown}
 n - 2 potions of magic {unknown}
 p - a potion of curing {unknown}
 r - 3 potions of haste {unknown}
Comestibles
 f - 7 rations


   Skills:
 + Level 3.0 Fighting
 + Level 1.4 Short Blades
 + Level 1.4 Long Blades
 + Level 1.4 Axes
 + Level 1.4 Maces & Flails
 + Level 1.4 Polearms
 + Level 1.4 Staves
 + Level 1.4 Slings
 + Level 1.4 Bows
 + Level 1.4 Crossbows
 + Level 3.0 Throwing
 + Level 1.4 Armour
 + Level 1.4 Dodging
 + Level 6.1 Stealth
 + Level 1.4 Shields
 + Level 3.0 Unarmed Combat
 + Level 3.1 Spellcasting
 + Level 1.1 Conjurations
 + Level 3.9 Hexes
 + Level 1.1 Charms
 + Level 1.1 Summonings
 + Level 1.1 Necromancy
 + Level 1.1 Translocations
 + Level 1.1 Transmutations
 + Level 1.1 Fire Magic
 + Level 1.1 Ice Magic
 + Level 1.1 Air Magic
 + Level 1.1 Earth Magic
 + Level 1.1 Poison Magic
 + Level 1.6 Invocations
 + Level 3.0 Evocations


You had 4 spell levels left.
You knew the following spells:

 Your Spells              Type           Power        Failure   Level  Hunger
a - Corona                Hex            ##.....      9%          1    #......
b - Ensorcelled Hibernat  Hex/Ice        ##....       22%         2    ##.....
c - Confuse               Hex            ##......     24%         3    ###....

Your spell library contained the following spells:

 Spells                   Type           Power        Failure   Level  Hunger
 Tukima's Dance           Hex            ##......     24%         3    ###....
 Dazzling Spray           Conj/Hex       ##....       41%         3    ###....


Dungeon Overview and Level Annotations

Branches:
Dungeon (3/15)

Altars:
Gozag

Annotations:
D:3 Natasha


Innate Abilities, Weirdness & Mutations

Your experience applies equally to all skills.
You have very sharp teeth.
Your uncanny sense of smell can sniff out nearby items.


Message History

There is an entrance to a sewer on this level.
Hurry and find it before the portal rusts away!
Level annotation: Natasha You hear the quick rusting of a drain nearby.
A leopard gecko and an orc come into view.
The bat hits you but does no damage.
The leopard gecko bites you but does no damage.
The ooze hits you but does no damage. The bat closely misses you.
The leopard gecko bites you.
There is a stone staircase leading up, spattered with blood here.
The orc priest shouts!
The bat barely misses you. The ooze hits you.
The leopard gecko bites you but does no damage.
You climb upwards.
There is a stone staircase leading down, spattered with blood here.
Casting: Ensorcelled Hibernation (safe; 22% risk of failure)
Confirm with . or Enter, or press ? or * to list all spells.
Aiming: Ensorcelled Hibernation (safe; 22% risk of failure)
Press: ? - help, Shift-Dir - straight line, f - leopard gecko
Aim: a leopard gecko (chance to defeat MR: 59%)
The leopard gecko looks drowsy...
The ooze hits you.
The helpless leopard gecko fails to defend itself.
You impale the leopard gecko!!
You kill the leopard gecko!
The ooze hits you but does no damage.
Casting: Ensorcelled Hibernation (safe; 22% risk of failure)
Confirm with . or Enter, or press ? or * to list all spells.
Aiming: Ensorcelled Hibernation (safe; 22% risk of failure)
Press: ? - help, Shift-Dir - straight line, f - ooze
Aim: an ooze (chance to defeat MR: 41%)
The ooze looks drowsy...
The helpless ooze fails to defend itself.
You impale the ooze!!
You kill the ooze!
Your Fighting skill increases to level 3!
Your Throwing skill increases to level 3!
Your Unarmed Combat skill increases to level 3!
Your Evocations skill increases to level 3!
Items here: ))) ÷÷ † You butcher the leopard gecko corpse.
s - 2 chunks of flesh
Items here: ))) ÷÷÷ Eating one of 2 chunks of flesh.
You eat one of the 2 chunks of flesh.
This raw flesh tastes terrible.
You are feeling hungry.
Eating a chunk of flesh.
You eat the chunk of flesh.
This raw flesh tastes terrible.
There is a stone staircase leading down, spattered with blood here.
You start resting.
HP restored.
You start resting.
Magic restored.
You climb downwards.
You hear the sound of rushing water.
There is an entrance to a sewer on this level.
Hurry and find it before the portal rusts away!
Level annotation: Natasha The kobold closely misses you.
The bat barely misses you.
The orc priest looks braver for a moment.
The orc priest closely misses you. The orc hits you but does no damage.
The kobold hits you but does no damage.
The orc priest hits you but does no damage.
There is a stone staircase leading up, spattered with blood here.
The bat hits you but does no damage.
Natasha wildly gestures.
Natasha shimmers violently.
The orc hits you but does no damage. The kobold misses you.
The bat barely misses you.
The orc priest hits you but does no damage.
You climb upwards.
There is a stone staircase leading down, spattered with blood here.
Casting: Ensorcelled Hibernation (safe; 22% risk of failure)
Confirm with . or Enter, or press ? or * to list all spells.
Aiming: Ensorcelled Hibernation (safe; 22% risk of failure)
Press: ? - help, Shift-Dir - straight line, f - orc priest
Aim: an orc priest, wearing a +0 leather armour (chance to defeat MR: 41%)
The orc priest resists with some effort.
The bat misses you. The orc closely misses you.
The kobold hits you but does no damage. The bat closely misses you.
The orc priest barely misses you.
Casting: Ensorcelled Hibernation (safe; 22% risk of failure)
Confirm with . or Enter, or press ? or * to list all spells.
Aiming: Ensorcelled Hibernation (safe; 22% risk of failure)
Press: ? - help, Shift-Dir - straight line, f/p - orc priest
Aim: an orc priest, wearing a +0 leather armour (chance to defeat MR: 41%)
The orc priest resists with some effort.
The bat closely misses you. The orc hits you but does no damage.
The kobold hits you but does no damage. The bat closely misses you.
The orc priest hits you but does no damage.
Casting: Ensorcelled Hibernation (safe; 22% risk of failure)
Confirm with . or Enter, or press ? or * to list all spells.
Aiming: Ensorcelled Hibernation (safe; 22% risk of failure)
Press: ? - help, Shift-Dir - straight line, f/p - orc priest
Aim: an orc priest, wearing a +0 leather armour (chance to defeat MR: 41%)
The orc priest resists with some effort.
The bat hits you but does no damage. The kobold misses you.
The bat barely misses you. The orc hits you but does no damage.
The orc priest invokes the aid of Beogh against you.
Pain shoots through your body!
Casting: Ensorcelled Hibernation (safe; 22% risk of failure)
Confirm with . or Enter, or press ? or * to list all spells.
Aiming: Ensorcelled Hibernation (safe; 22% risk of failure)
Press: ? - help, Shift-Dir - straight line, f/p - orc priest
Aim: an orc priest, wearing a +0 leather armour (chance to defeat MR: 41%)
You miscast Ensorcelled Hibernation.
You are very lightly contaminated with residual magic.
You feel off-balance for a moment. The bat barely misses you.
The kobold hits you but does no damage.
The orc priest hits you but does no damage.
The orc hits you but does no damage.
You hit the orc priest but do no damage.
The bat barely misses you. The kobold hits you but does no damage.
The orc priest barely misses you.
You closely miss the orc priest. The bat misses you.
The orc hits you but does no damage. The kobold hits you but does no damage.
You hit the orc priest but do no damage.
The orc priest closely misses you. The bat barely misses you.
The orc closely misses you. The kobold hits you but does no damage.
You barely miss the orc priest. The bat hits you.
The orc priest hits you but does no damage.
The kobold hits you but does no damage. The orc barely misses you.
You closely miss the orc priest.
The orc priest mumbles some strange prayers to Beogh against you.
Beogh smites you! The bat hits you but does no damage.
The kobold hits you but does no damage. The orc hits you with a +0 mace.
You barely miss the orc priest.
You bite the orc priest, but do no damage.
The bat barely misses you. The orc priest misses you. The kobold hits you.
Casting: Ensorcelled Hibernation (safe; 22% risk of failure)
Confirm with . or Enter, or press ? or * to list all spells.
Aiming: Ensorcelled Hibernation (safe; 22% risk of failure)
Press: ? - help, Shift-Dir - straight line, f/p - orc priest
Aim: an orc priest, wearing a +0 leather armour (chance to defeat MR: 41%)
The orc priest resists with some effort.
The bat hits you but does no damage. x2; The orc completely misses you.
The orc priest closely misses you. The kobold hits you but does no damage.
Really quaff the potion of lignification?
You turn into a tree.
Your +0 ring mail melds into your body.
Your roots penetrate the ground.
The bat hits you but does no damage.
The orc priest looks braver for a moment.
The orc hits you but does no damage. The kobold hits you but does no damage.
You hit the orc priest.
The orc priest is lightly wounded.
The bat barely misses you.
The orc priest hits you but does no damage.
The orc hits you with a +0 mace. The kobold hits you.
You hit the orc priest but do no damage.
The orc priest is lightly wounded.
The bat hits you but does no damage.
The orc priest hits you but does no damage.
The orc hits you but does no damage. The kobold hits you but does no damage.
You barely miss the orc priest.
You punch the orc priest, but do no damage.
The orc priest is lightly wounded.
The bat hits you but does no damage.
The orc priest hits you but does no damage.
The kobold hits you but does no damage.
You closely miss the orc priest.
The orc priest is lightly wounded.
The bat hits you but does no damage. The orc hits you but does no damage.
The orc priest hits you but does no damage.
The kobold hits you but does no damage.
You hit the orc priest but do no damage.
The orc priest is lightly wounded.
The bat hits you but does no damage.
The orc priest hits you but does no damage.
The orc hits you but does no damage.
You closely miss the orc priest.
The orc priest is lightly wounded.
The bat hits you but does no damage. The kobold hits you but does no damage.
The bat barely misses you.
The orc priest mumbles some strange prayers to Beogh against you.
Beogh smites you! The orc hits you with a +0 mace.
You closely miss the orc priest.
The orc priest is lightly wounded.
The bat hits you but does no damage. The kobold hits you.
* * * LOW HITPOINT WARNING * * *
The orc priest hits you but does no damage.
The orc hits you but does no damage.
You hit the orc priest but do no damage.
The orc priest is lightly wounded.
The bat hits you but does no damage. The kobold hits you but does no damage.
The orc priest hits you but does no damage.
You hit the orc priest.
The orc priest is lightly wounded.
The orc hits you but does no damage. The kobold hits you but does no damage.
The bat hits you but does no damage.
The orc priest mumbles some strange prayers to Beogh against you.
Beogh smites you!
* * * LOW HITPOINT WARNING * * *
It was a potion of cancellation.
Your magical effects are unravelling.
You feel magically purged.
Your magical contamination has completely faded away.
You feel less wooden.
Your +0 ring mail unmelds from your body.
The bat barely misses you. The kobold closely misses you.
The orc hits you with a +0 mace.
* * * LOW HITPOINT WARNING * * *
The orc priest calls down the wrath of Beogh upon you.
Beogh smites you!
You die...

#.#....#+######≈≈♣...♣
#..#........##≈≈♣.♣.♣)
############.#.......##≈≈♣...♣..
#..........#.##.....##≈≈♣.♣.♣.♣.
#..........#..#.#..##≈≈♣...♣.♣.♣
#..........##.#.'..#≈≈♣.♣.♣.♣.♣.
#..........##...#..#≈♣...♣...♣..
#.............oK##.'..♣.♣.♣.♣.♣.
#.............o@##.'...♣.♣.♣.♣.♣
#...(..........###.'..♣.♣.♣.♣.♣.
#............b.# ###≈♣...♣...♣..
#..............## #≈≈♣.♣.♣.♣.♣.
#########..[....# ##≈≈♣...♣.♣.♣
#.......# ##≈≈♣.♣.♣.♣. #.......#
##≈≈♣...♣.. #.......# ##≈≈♣.♣.♣.
#.......# ##≈≈♣...♣


You could see an orc priest, an orc, a bat and a kobold.

Vanquished Creatures
  An orc wizard (D:2)
  6 adders (D:2)
  2 oozes (D:2)
  3 worms (D:2)
  2 dart slugs (D:2)
  4 leopard geckos
  5 orcs (D:2)
  3 giant cockroaches (D:2)
  2 goblins (D:2)
  6 hobgoblins
  2 jackals (D:2)
  5 kobolds
  A quokka (D:2)
  2 ball pythons (D:2)
  3 bats
  2 frilled lizards
  6 rats
55 creatures vanquished.

Notes
Turn   | Place    | Note
-------+----------+-------------------------------------------
     0 | D:1      | FessEmpty the Gnoll Wanderer began the quest for the Orb.
     0 | D:1      | FessEmpty set off with the following items: a +0 dagger, a
                  | potion of lignification, 11 poisoned darts, a +0 robe, a
                  | ration; and the following spell memorised: Corona; and the
                  | following spells available to memorise: Ensorcelled
                  | Hibernation, Confuse, Tukima's Dance, Dazzling Spray
     0 | D:1      | Reached XP level 1. HP: 17/17 MP: 4/4
   228 | D:1      | Reached XP level 2. HP: 19/23 MP: 5/5
   799 | D:2      | Learned a level 2 spell: Ensorcelled Hibernation
   870 | D:2      | Reached XP level 3. HP: 28/28 MP: 4/7
   987 | D:2      | Reached skill level 6 in Stealth
  1050 | D:2      | Reached skill level 1 in Invocations
  1062 | D:2      | Learned a level 3 spell: Confuse
  1083 | D:2      | Reached skill level 1 in Short Blades
  1083 | D:2      | Reached skill level 1 in Long Blades
  1083 | D:2      | Reached skill level 1 in Axes
  1083 | D:2      | Reached skill level 1 in Maces & Flails
  1083 | D:2      | Reached skill level 1 in Polearms
  1083 | D:2      | Reached skill level 1 in Staves
  1083 | D:2      | Reached skill level 1 in Slings
  1083 | D:2      | Reached skill level 1 in Bows
  1083 | D:2      | Reached skill level 1 in Crossbows
  1083 | D:2      | Reached skill level 1 in Armour
  1083 | D:2      | Reached skill level 1 in Dodging
  1083 | D:2      | Reached skill level 1 in Shields
  1089 | D:2      | Reached XP level 4. HP: 34/34 MP: 3/8
  1297 | D:2      | Found an opulent altar of Gozag.
  1399 | D:3      | Noticed Natasha
  1530 | D:2      | Reached skill level 1 in Conjurations
  1530 | D:2      | Reached skill level 1 in Charms
  1530 | D:2      | Reached skill level 1 in Summonings
  1530 | D:2      | Reached skill level 1 in Necromancy
  1530 | D:2      | Reached skill level 1 in Translocations
  1530 | D:2      | Reached skill level 1 in Transmutations
  1530 | D:2      | Reached skill level 1 in Fire Magic
  1530 | D:2      | Reached skill level 1 in Ice Magic
  1530 | D:2      | Reached skill level 1 in Air Magic
  1530 | D:2      | Reached skill level 1 in Earth Magic
  1530 | D:2      | Reached skill level 1 in Poison Magic
  1807 | D:2      | Reached XP level 5. HP: 28/40 MP: 2/9
  2083 | D:2      | HP: 2/41 [orc/+0 mace (2)]
  2083 | D:2      | Killed from afar by an orc priest

Levels and vault maps discovered:
D:1:      dpeg_cavernosity, layout_basic, minmay_misc_feat_ornament,
          corexii_hall_statues_i, serial_park_tiny_1, grunt_decor_one_mirror
D:2:      layout_basic, nicolae_gozag_cash_rules_everything_around_me,
          kennysheep_cluttered_room
D:3:      layout_rooms, cheibriados_altar_1, portal_sewer_entry_f, uniq_natasha

Skill      XL: |  1  2  3  4  5 |
---------------+----------------+-----
Stealth        | 6 |  6.1
Invocations    | 1 |  1.6
Short Blades   | 1 |  1.4
Long Blades    | 1 |  1.4
Axes           | 1 |  1.4
Maces & Flails | 1 |  1.4
Polearms       | 1 |  1.4
Staves         | 1 |  1.4
Slings         | 1 |  1.4
Bows           | 1 |  1.4
Crossbows      | 1 |  1.4
Armour         | 1 |  1.4
Dodging        | 1 |  1.4
Shields        | 1 |  1.4
Spellcasting   | 3 |  3.1
Conjurations   | 1 |  1.1
Charms         | 1 |  1.1
Summonings     | 1 |  1.1
Necromancy     | 1 |  1.1
Translocations | 1 |  1.1
Transmutations | 1 |  1.1
Fire Magic     | 1 |  1.1
Ice Magic      | 1 |  1.1
Air Magic      | 1 |  1.1
Earth Magic    | 1 |  1.1
Poison Magic   | 1 |  1.1
Fighting       | 3 |  3.0
Throwing       | 3 |  3.0
Unarmed Combat | 3 |  3.0
Evocations     | 3 |  3.0
Hexes          | |  3.9

Action                   |  1- 3 |  4- 6 || total
-------------------------+-------+-------++-------
Melee: Dagger            |   100 |    74 ||   174
       Bite              |    12 |     6 ||    18
       Punch             |       |     2 ||     2
Throw: Dart              |     1 |       ||     1
 Cast: Ensorcelled Hiber |    11 |    27 ||    38
  Use: Potion            |       |     2 ||     2
 Stab: Sleeping          |    17 |    16 ||    33
  Eat: Chunk             |     1 |     5 ||     6
Armor: Robe              |    37 |    37 ||    74
       Ring mail         |       |    37 ||    37
       Skin              |       |    29 ||    29
Dodge: Dodged            |    62 |   121 ||   183
